 Dungeon Crawl Stone Soup version 0.17-a0-2067-g8e1b6c4 (webtiles) character file.

82 KINGKRU the Shield-Bearer (level 4, 0/40 HPs)
             Began as a Minotaur Fighter on Oct 13, 2015.
             Slain by a sky beast (5 damage)
             ... on level 4 of the Dungeon.
             The game lasted 00:07:24 (1575 turns).

KINGKRU the Shield-Bearer (Minotaur Fighter)        Turns: 1575, Time: 00:07:24

Health: 0/40       AC:  7    Str: 21    XL:     4   Next: 21%
Magic:  3/3        EV:  8    Int:  5    God:
Gold:   63         SH: 10    Dex: 13    Spells: 0 memorised, 3 levels left

rFire  . . .     SeeInvis .     a - +0 long sword
rCold  . . .     Clarity  .     b - +0 scale mail
rNeg   + . .     SustAt   .     c - +0 shield
rPois  .         Gourm    .     (helmet restricted)
rElec  .         Spirit   .     (no cloak)
rCorr  .         Warding  +     (no gloves)
rMut   .         Stasis   .     (no boots)
MR     .....                    l - amulet of warding
Stlth  ..........               (no ring)
                                n - +3 ring of dexterity

@: not resistant to hostile enchantments, extremely unstealthy
A: retaliatory headbutt, horns 2
a: no special abilities


You were on level 4 of the Dungeon.
You were not hungry.

You visited 1 branch of the dungeon, and saw 4 of its levels.

You collected 63 gold pieces.

Inventory:

Hand Weapons
 a - a +0 long sword (weapon)
Armour
 b - a +0 scale mail (worn)
 c - a +0 shield (worn)
Jewellery
 l - an amulet of warding (around neck)
 n - a +3 ring of dexterity (left hand)
Wands
 u - a wand of fire (10)
Scrolls
 f - 2 scrolls of fog {unknown}
 g - 2 scrolls of remove curse {unknown}
 h - 2 scrolls of identify {unknown}
 i - a scroll of immolation {unknown}
 j - a scroll of amnesia {unknown}
 k - a scroll of noise {unknown}
 p - a scroll of enchant weapon {unknown}
 t - a scroll of random uselessness {unknown}
Potions
 d - a potion of might
 o - a potion of flight {unknown}
 r - a potion of cancellation {unknown}
 s - a potion of berserk rage {unknown}
 v - a potion of haste {unknown}
Comestibles
 e - 2 bread rations
 m - 3 beef jerkies
 q - 2 slices of pizza


   Skills:
 + Level 4.0 Fighting
 + Level 2.8 Long Blades
 + Level 4.3 Armour
 + Level 1.0 Dodging
 + Level 0.3 Stealth
 + Level 4.8 Shields


You had 3 spell levels left.
You didn't know any spells.

Dungeon Overview and Level Annotations

Branches:
Dungeon (4/15)
 Temple: D:4-7

Altars:
Xom


Innate Abilities, Weirdness & Mutations

You reflexively headbutt those who attack you in melee.
You have a pair of horns on your head.


Message History

You block the giant cockroach's attack. x2
Something hits you. Something shocks you. The giant cockroach bites you.
A sky beast appears from thin air!
Reactivating autopickup.
You block the sky beast's attack.
The sky beast flickers out of sight!
Deactivating autopickup; reactivate with Ctrl-A.
Something hits you. Something shocks you.
Unknown command.
Unknown command.
You hit the giant cockroach.
You kill the giant cockroach!
You block its attack. Something hits you but does no damage.
You closely miss something. Something hits you. Something shocks you.
* * * LOW HITPOINT WARNING * * *
You miss something. Something hits you.
* * * LOW HITPOINT WARNING * * *
Something shocks you.
You die...

#### #...##
###.....#
##.......##
##.........#
##..<.......#
##{...........
#.@...........
#.............
#............(
..#............
...#............
#...##...........
#... #.........$.
#... #........


There were no monsters in sight!

Vanquished Creatures
  Terence (D:3)
  An adder (D:3)
  An ooze (D:1)
  A worm (D:3)
  A giant gecko (D:1)
  5 giant cockroaches
  5 goblins
  5 hobgoblins
  A quokka (D:2)
  A ball python (D:3)
  3 bats
  2 giant newts
  7 kobolds
  7 rats
  A butterfly (D:3)
  A plant (D:2)
43 creatures vanquished.

Notes
Turn   | Place    | Note
--------------------------------------------------------------
     0 | D:1      | KINGKRU the Minotaur Fighter began the quest for the Orb.
     0 | D:1      | Reached XP level 1. HP: 19/19 MP: 0/0
    93 | D:1      | Reached skill level 4 in Shields
   174 | D:1      | Reached XP level 2. HP: 27/27 MP: 1/1
   777 | D:2      | Reached XP level 3. HP: 31/33 MP: 2/2
  1076 | D:3      | Found a shimmering altar of Xom.
  1212 | D:3      | Noticed Terence
  1220 | D:3      | Killed Terence
  1220 | D:3      | Reached XP level 4. HP: 33/40 MP: 3/3
  1344 | D:3      | Found a faded altar to an unknown god.
  1439 | D:3      | Reached skill level 1 in Dodging
  1560 | D:4      | Noticed a sky beast
  1575 | D:4      | Slain by a sky beast

Vault maps used:
D:1:      sevenhm_arrival_forest_fort_small_4
D:2:      serial_bayou, serial_bayou_lagoon_b, serial_bayou_pond_a,
          serial_bayou_pond_a, serial_bayou_ford_a
D:3:      xom_butterflies, ecumenical_altar_1, uniq_terence
D:4:      uniq_sigmund

Action                   |  1- 3 |  4- 6 || total
-------------------------+-------+-------++-------
Melee: Long sword        |    98 |    19 ||   117
  Eat: Bread ration      |     1 |       ||     1
